[Event "*** Titled Tuesday Blitz"]
[Site "Chess.com"]
[Date "2021.03.02"]
[Round "1"]
[White "MendozaDavid2000"]
[Black "seorobert1971"]
[Result "1/2-1/2"]
[WhiteElo "2343"]
[BlackElo "2640"]
[TimeControl "180+1"]
[EndTime "10:09:58 PST"]
[Termination "Game drawn - insufficient material"]

1. d4 Nf6 2. c4 e6 3. Nc3 Bb4 4. Qc2 d5 5. a3 Be7 6. cxd5 exd5 7. Bg5 c6 8. e3 Nbd7 9. Bd3 O-O 10. Nge2 Re8 11.
O-O Ne4 12. Bxe7 Qxe7 13. b4 a6 14. Bxe4 dxe4 15. Ng3 Nf6 16. Na4 h5 17. Qc5 h4 18.
Qxe7 Rxe7 19. Ne2 h3 20. Nb6 hxg2 21. Kxg2 Rb8 22. h4 Bg4 23. Nf4 g6 24. Rfc1 Rd8 25.
Rc5 Kg7 26. Nc4 Nh5 27. Nxh5+ Bxh5 28. Ne5 f6 29. Nc4 Bf3+ 30. Kg3 Rh8 31. Re1 Rh6 32. Nd2 Bh5 33. a4 Rh8 34. b5 axb5 35. axb5 cxb5 36. Rb1 Ra8 37. Rcxb5 Ra2 38. Rxb7 Ra7 39. Rxa7 Rxa7 40.
Nxe4 Be2 41. Rb2 Bd3 42. Nc5 Bc4 43. e4 Ra1 44. Rd2 Rg1+ 45. Kf4 Rh1 46. d5 Rxh4+ 47. Ke3 Bb5 48. d6 Rh3+ 49. f3 g5 50. d7 Bxd7 51. Rxd7+ Kg6 52. Rd6 g4 53. Kf4 gxf3 54. e5 f2 55. Rxf6+ Kg7 56. Kg4 Re3 57. Ne6+ Kg8 58.
Rxf2 Rxe5 59. Ng5 Ra5 60. Kh5 Ra6 61. Rf5 Rb6 62. Ne4 Kg7 63. Kg5 Rb1 64. Rc5 Rg1+ 65.
Kf5 Rf1+ 66. Ke5 Kg6 67. Rc7 Rf5+ 68. Ke6 Rf1 69. Rc8 Kg7 70. Rc5 Rf4 71. Nf6 Rxf6+ 72. Kd5 Rf5+ 73. Kc4 Rf1 74. Kb5 Rf6 75. Rc6 Rf1 76.
Rc5 Ra1 77. Rc6 Kf7 78. Rc5 Ke6 79. Rc4 Kd5 80. Rc8 Rb1+ 81. Ka4 Kd6 82. Ka3 Rb7 83.
Rc2 Kd5 84. Ka4 Kd4 85. Ka5 Kd3 86. Rc8 Rb1 87. Ka6 Kd4 88. Ka5 Kd5 89. Ka4 Kd6 90. Ka3 Rb6 91. Rc2 Kd5 92. Ka4 Kd4 93. Ka5 Rb1 94. Rc8 Kd3 95. Ka4 Kd4 96. Ka3 Kd5 97. Ka2 Rb7 98. Ka3 Kd6 99. Ka4 Ra7+ 100. Kb5 Kd7 101. Rc1 Ra2 102. Kb4 Kd6 103. Kb3 Rh2 104. Kb4 Kd5 105. Kb5 Rb2+ 106. Ka4 Kd4 107. Ka3 Rb8 108. Ka4 Kd3 109. Ka5 Kd2 110. Rc7 Rb2 111. Ka6 Kd3 112. Ka5 Rc2 113. Rxc2 Kxc2 1/2-1/2

[Event "*** Titled Tuesday Blitz"]
[Site "Chess.com"]
[Date "2021.03.02"]
[Round "1"]
[White "shrek4life02"]
[Black "Unknown_IM"]
[Result "1-0"]
[WhiteElo "2726"]
[BlackElo "2392"]
[TimeControl "180+1"]
[EndTime "10:10:19 PST"]
[Termination "shrek4life02 won by resignation"]

1. d4 Nf6 2. Nf3 g6 3. Bf4 Bg7 4. Nc3 O-O 5. Kd2 d6 6. e4 Nc6 7. Bd3 Bg4 8. Be3 e5 9. d5 Nd4 10. h3 Nxf3+ 11. gxf3 Bd7 12. Ne2 c6 13. c4 Qa5+ 14.
Nc3 cxd5 15. exd5 b5 16. Ke2 bxc4 17. Bxc4 Rac8 18. Bb3 Nh5 19. Kf1 f5 20. Rc1 Qa6+ 21. Qe2 Qb7 22. Kg1 Nf6 23. Qd2 f4 24. Bxf4 exf4 25.
Qxf4 Nh5 26. Qxd6 Rxf3 27. Re1 Bd4 28. Rh2 Rcf8 29. Ne4 Bxh3 30. Rxh3 Rxh3 31. Qe6+ Qf7 32. Qxh3 Bxf2+ 33. Kh1 Qf4 34. d6+ Kh8 35. Nxf2 Qxf2 36. Qc3+ Ng7 37. Qe3 Qh4+ 38. Kg2 Nf5 39. Qe5+ Ng7 40.
Qg3 Qd4 41. Rd1 Qxb2+ 42. Kh1 Nf5 43. Qf4 Qc3 44. Kh2 Qg7 45. d7 Rd8 46. Qg5 Qe7 47.
Qxe7 Nxe7 48. Be6 Kg7 49. Rc1 Kf6 50. Bh3 Nf5 51. Rc7 Ke7 52. Rxa7 Rxd7 53. Ra6 Rd2+ 54. Kg1 Rd3 55. Bf1 Rg3+ 56. Kf2 Rc3 57. Ra7+ Kf6 58. a4 Rc2+ 59. Ke1 h5 60. a5 Ra2 61. Bc4 Ra1+ 62.
Kf2 h4 63. a6 h3 64. Bd5 h2 65. Ra8 h1=Q 66. Bxh1 Rxh1 67. a7 Ra1 68. Rf8+ Kg5 69. a8=Q Rxa8 70. Rxa8 Kf4 71. Ra4+ Kg5 72. Kf3 Kf6 73.
Kf4 g5+ 74. Kg4 Nh6+ 75. Kh5 Nf7 76. Ra6+ Kf5 77. Ra7 Ne5 78. Ra5 g4 79. Kh4 Kf4 80. Ra4+ Kf5 81. Kg3 Nf7 82. Rf4+ Ke6 83. Rxg4 Ne5 84.
Re4 Kd5 85. Re1 Nc6 86. Kf4 Nd4 87. Rd1 Kc4 88. Ke4 Nb5 89. Rc1+ Kb4 90. Kd5 Ka4 91. Kc4 Na3+ 92. Kc5 Nb5 93. Ra1+ Na3 94. Ra2 Kb3 95. Rh2 Nc2 96. Rh3+ Kb2 97. Kc4 Na3+ 98. Kd3 Kb3 99. Rh8 Kb4 100. Rb8+ Nb5 101. Rb7 Kc5 102. Rh7 Kc6 103. Kc4 Nd6+ 104. Kb4 Kd5 105. Rh6 Ne4 106. Rh5+ Kd4 107. Rh8 Ke3 108. Re8 Kd4 109. Rd8+ Ke3 110. Kc4 Nd2+ 111. Kd5 Ne4 112. Re8 1-0

[Event "*** Titled Tuesday Blitz"]
[Site "Chess.com"]
[Date "2021.03.02"]
[Round "2"]
[White "Natalya_Buksa"]
[Black "Chuchofrio1"]
[Result "1-0"]
[WhiteElo "2481"]
[BlackElo "2289"]
[TimeControl "180+1"]
[EndTime "10:12:31 PST"]
[Termination "Natalya_Buksa won by resignation"]

1. d4 Nf6 2. Nc3 g6 3. e4 Bg7 4. Bg5 d6 5. e5 dxe5 6. dxe5 Qxd1+ 7. Rxd1 Nfd7 8. Nd5 f6 9. Nxc7+ Kf7 10. e6+ Kf8 11.
exd7 Nxd7 12. Bf4 e5 13. Nxa8 exf4 14. Nc7 Kf7 15. Bc4+ Ke7 16. Nf3 Nb6 17. Nd5+ Nxd5 18. Bxd5 Kd6 19. O-O Re8 20. Bf7+ 1-0

[Event "*** Titled Tuesday Blitz"]
[Site "Chess.com"]
[Date "2021.03.02"]
[Round "2"]
[White "MFguimaraes"]
[Black "Na_binci"]
[Result "1-0"]
[WhiteElo "2405"]
[BlackElo "2140"]
[TimeControl "180+1"]
[EndTime "10:12:31 PST"]
[Termination "MFguimaraes won by resignation"]

1. e4 c5 2. Nf3 d6 3. d4 cxd4 4. Nxd4 Nf6 5. Nc3 g6 6. Be3 Bg7 7. f3 Nc6 8. Qd2 O-O 9. O-O-O d5 10. Nxc6 bxc6 11. Bh6 e5 12. Bxg7 Kxg7 13. exd5 cxd5 14. Nxd5 Rb8 15. Bc4 Nxd5 16. Qxd5 Qc7 17. Bb3 Be6 18. Qd6 Bh3 1-0

[Event "*** Titled Tuesday Blitz"]
[Site "Chess.com"]
[Date "2021.03.02"]
[Round "2"]
[White "gisela_roque"]
[Black "muchojogo"]
[Result "0-1"]
[WhiteElo "1736"]
[BlackElo "2354"]
[TimeControl "180+1"]
[EndTime "10:12:45 PST"]
[Termination "muchojogo won by resignation"]

1. c4 Nf6 2. Nf3 e6 3. g3 d5 4. b3 Be7 5. Bb2 O-O 6. Bg2 a5 7. O-O a4 8. d3 a3 9. Bc3 c5 10.
Nbd2 d4 0-1

[Event "*** Titled Tuesday Blitz"]
[Site "Chess.com"]
[Date "2021.03.02"]
[Round "2"]
[White "SilviusTiberius"]
[Black "ChessQueen"]
[Result "1-0"]
[WhiteElo "2521"]
[BlackElo "2726"]
[TimeControl "180+1"]
[EndTime "10:13:02 PST"]
[Termination "SilviusTiberius won by resignation"]

1. e4 c6 2. d4 d5 3. exd5 cxd5 4.
Bd3 Nf6 5. c3 Nc6 6. Bf4 e5 7.
dxe5 Ng4 8. Nf3 Qb6 9. Qe2 Bc5 10. O-O h6 11. b4 Bxf2+ 12. Rxf2 Nxf2 13. Qxf2 Qxf2+ 14. Kxf2 O-O 15. Nbd2 Be6 16. Nb3 b6 17.
Nbd4 Rfc8 18. Ba6 Rc7 19. Nxc6 Rxc6 20. Bb7 1-0

[Event "*** Titled Tuesday Blitz"]
[Site "Chess.com"]
[Date "2021.03.02"]
[Round "2"]
[White "AtabayevSaparmyrat"]
[Black "mjray79"]
[Result "1-0"]
[WhiteElo "2704"]
[BlackElo "2482"]
[TimeControl "180+1"]
[EndTime "10:13:04 PST"]
[Termination "AtabayevSaparmyrat won by checkmate"]

1. e4 e5 2. Nf3 Nc6 3. Bb5 a6 4. Bxc6 dxc6 5. Nc3 Bd6 6. d4 exd4 7. Qxd4 f6 8. Be3 Ne7 9. O-O-O Be6 10. Na4 Qc8 11.
Nb6 cxb6 12. Qxd6 b5 13. Bc5 Qd7 14. Qg3 Qc8 15. Qxg7 Ng6 16. Nh4 Rg8 17. Qxh7 Nxh4 18. Qe7# 1-0

[Event "*** Titled Tuesday Blitz"]
[Site "Chess.com"]
[Date "2021.03.02"]
[Round "2"]
[White "FlySooHigh"]
[Black "Grammnik"]
[Result "1-0"]
[WhiteElo "2721"]
[BlackElo "2375"]
[TimeControl "180+1"]
[EndTime "10:13:24 PST"]
[Termination "FlySooHigh won by resignation"]

1. e4 c6 2. c4 d5 3. cxd5 cxd5 4.
exd5 Nf6 5. Qa4+ Nbd7 6. Nc3 g6 7. Nf3 Bg7 8. Bc4 O-O 9. d3 a6 10. Qa3 Nb6 11. Qb3 Nbd7 12. a4 Rb8 13. Bf4 Ra8 14.
O-O b6 15. Rfe1 Bb7 16. Qa3 Re8 17. h3 e5 18. dxe6 fxe6 19. Rxe6 Kh8 20. Ng5 Rf8 21. Bd6 1-0

[Event "*** Titled Tuesday Blitz"]
[Site "Chess.com"]
[Date "2021.03.02"]
[Round "2"]
[White "anskam"]
[Black "Smile2005"]
[Result "0-1"]
[WhiteElo "1759"]
[BlackElo "2357"]
[TimeControl "180+1"]
[EndTime "10:13:33 PST"]
[Termination "Smile2005 won by resignation"]

1. e4 d5 2. exd5 Nf6 3. c4 e6 4. dxe6 Bxe6 5. d3 Bc5 6. Be2 Nc6 7. Nf3 Qd7 8. O-O O-O-O 9. Qc2 Rhe8 10. a3 Bf5 11.
Rd1 h5 12. b4 Bd4 13. Ra2 h4 14. h3 Bxh3 15. gxh3 Qxh3 16. Nxd4 Nxd4 17. Be3 Nxc2 18.
Rxc2 Ng4 19. Bxg4+ Qxg4+ 0-1

[Event "*** Titled Tuesday Blitz"]
[Site "Chess.com"]
[Date "2021.03.02"]
[Round "2"]
[White "doons21"]
[Black "Camels1981"]
[Result "1-0"]
[WhiteElo "2609"]
[BlackElo "2316"]
[TimeControl "180+1"]
[EndTime "10:13:36 PST"]
[Termination "doons21 won by resignation"]

1. e4 c5 2. c3 d5 3. exd5 Qxd5 4. d4 Nc6 5. Nf3 Bf5 6. Be3 cxd4 7. Nxd4 Bxb1 8. Rxb1 e5 9. Nxc6 Qxc6 10. Qb3 a6 11.
Bc4 Qc7 12. Bb6 Qe7 13. Rd1 Nf6 14. Qa4+ Nd7 15. Bb5 1-0

[Event "*** Titled Tuesday Blitz"]
[Site "Chess.com"]
[Date "2021.03.02"]
[Round "2"]
[White "CzechmVIII"]
[Black "Herman-NY"]
[Result "0-1"]
[WhiteElo "2254"]
[BlackElo "2464"]
[TimeControl "180+1"]
[EndTime "10:13:40 PST"]
[Termination "Herman-NY won by resignation"]

1. e4 e5 2. Nf3 Nc6 3. Bb5 f5 4. d3 fxe4 5. dxe4 Nf6 6. O-O d6 7. a3 Be6 8. Ng5 Bd7 9. f4 h6 10. Nf3 exf4 11. Nc3 g5 12. Nd5 Bg7 13. Bc4 Ne5 14. Nd4 Nxc4 15. Nb5 0-1

[Event "*** Titled Tuesday Blitz"]
[Site "Chess.com"]
[Date "2021.03.02"]
[Round "2"]
[White "ParvizGasimov"]
[Black "Susal_De_Silva"]
[Result "0-1"]
[WhiteElo "2412"]
[BlackElo "2660"]
[TimeControl "180+1"]
[EndTime "10:13:52 PST"]
[Termination "Susal_De_Silva won by resignation"]

1. e4 e5 2. Bc4 Nf6 3. d3 Nc6 4. Nf3 Bc5 5. c3 O-O 6. O-O d5 7. exd5 Nxd5 8. a4 a5 9. Re1 Bg4 10. h3 Bh5 11. Nbd2 Nb6 12. Bb5 Bd6 13. Ne4 Na7 14. Ng3 Bg6 15. Nxe5 Bxe5 16. Rxe5 c6 17.
Bg5 f6 0-1

[Event "*** Titled Tuesday Blitz"]
[Site "Chess.com"]
[Date "2021.03.02"]
[Round "2"]
[White "j_coca"]
[Black "DLR7"]
[Result "0-1"]
[WhiteElo "2306"]
[BlackElo "2624"]
[TimeControl "180+1"]
[EndTime "10:13:53 PST"]
[Termination "DLR7 won by resignation"]

1. f4 e5 2. fxe5 Nc6 3. Nf3 g5 4. d4 g4 5. Ng5 d6 6. exd6 Bxd6 7. c3 f5 8. e4 h6 9. Nh3 gxh3 10. Qh5+ Kf8 11. e5 Bxe5 12. dxe5 Nxe5 13. Bf4 hxg2 14. Bxe5 gxh1=Q 15. Nd2 Qe7 16. O-O-O Qxe5 17. Bc4 Qxd1+ 18. Kxd1 Qe7 0-1

[Event "*** Titled Tuesday Blitz"]
[Site "Chess.com"]
[Date "2021.03.02"]
[Round "2"]
[White "lucasmito"]
[Black "losersgame"]
[Result "0-1"]
[WhiteElo "2521"]
[BlackElo "2322"]
[TimeControl "180+1"]
[EndTime "10:13:53 PST"]
[Termination "losersgame won by resignation"]

1. e4 e5 2. Nf3 Nc6 3. Bb5 a6 4. Ba4 d6 5. d4 b5 6. Bb3 Nxd4 7. Nxd4 exd4 8. c3 d3 9. f4 Bb7 10. O-O Qh4 11. Qxd3 Nf6 12. e5 dxe5 13. fxe5 Bc5+ 14.
Kh1 Ng4 15. Bxf7+ Ke7 16. Bf4 Nf2+ 17. Rxf2 Qxf2 18. Bg5+ Kxf7 19. Qd7+ Kg6 20. Qe6+ Kxg5 0-1

[Event "*** Titled Tuesday Blitz"]
[Site "Chess.com"]
[Date "2021.03.02"]
[Round "2"]
[White "zimmm36"]
[Black "Enriquack"]
[Result "1-0"]
[WhiteElo "2287"]
[BlackElo "2456"]
[TimeControl "180+1"]
[EndTime "10:13:56 PST"]
[Termination "zimmm36 won by resignation"]

1. d4 Nf6 2. c4 c5 3. d5 b5 4. cxb5 a6 5. bxa6 g6 6. Nc3 Bg7 7. g3 O-O 8. Bg2 d6 9. Nf3 Bxa6 10. O-O Nbd7 11. Rb1 Nb6 12. b3 Bb7 13. e4 Ng4 14. Bb2 Qc7 15. Nb5 Qd7 16. Bxg7 Kxg7 17. a4 c4 18. Qd4+ Nf6 19. Qxb6 cxb3 20. Qd4 Ba6 21. e5 dxe5 22. Nxe5 Qd6 23. Nxd6 1-0

[Event "*** Titled Tuesday Blitz"]
[Site "Chess.com"]
[Date "2021.03.02"]
[Round "2"]
[White "CakeinSpace2002"]
[Black "AntonovaNadezhda"]
[Result "1-0"]
[WhiteElo "2401"]
[BlackElo "2126"]
[TimeControl "180+1"]
[EndTime "10:14:07 PST"]
[Termination "CakeinSpace2002 won by resignation"]

1. e4 c5 2. Nf3 d6 3. d4 cxd4 4. Nxd4 Nf6 5. Nc3 a6 6. Bg5 Nbd7 7. f4 h6 8. Bh4 Qc7 9. Qe2 g5 10. Bg3 gxf4 11. Bh4 b5 12. O-O-O Bb7 13. g3 fxg3 14. hxg3 O-O-O 15. Bh3 Kb8 16. Rhf1 b4 17. Nd5 Nxd5 18.
exd5 Bxd5 19. Qxa6 Bb7 20. Qb5 e5 21. Rxf7 exd4 22. Bxd7 d5 23. Bxd8 Qxd8 24. Bc6 1-0

[Event "*** Titled Tuesday Blitz"]
[Site "Chess.com"]
[Date "2021.03.02"]
[Round "2"]
[White "Rodalquilar"]
[Black "kidagent"]
[Result "1-0"]
[WhiteElo "2630"]
[BlackElo "2326"]
[TimeControl "180+1"]
[EndTime "10:14:12 PST"]
[Termination "Rodalquilar won by resignation"]

1. d4 d5 2. Bf4 c5 3. e3 cxd4 4.
exd4 Nc6 5. Nf3 Nf6 6. Nbd2 Bg4 7. c3 e6 8. Qb3 Qc8 9. Bd3 Be7 10. O-O O-O 11.
a4 b6 12. Rfe1 Na5 13. Qc2 h6 14. Ne5 Bh5 15. h3 Nc6 16. g4 Nxe5 17. dxe5 Nxg4 18. hxg4 Bxg4 19. Kh2 Bh4 20. Rg1 Bf5 21. Bxh6 1-0

[Event "*** Titled Tuesday Blitz"]
[Site "Chess.com"]
[Date "2021.03.02"]
[Round "2"]
[White "atalz0"]
[Black "Fiona"]
[Result "1-0"]
[WhiteElo "2472"]
[BlackElo "2263"]
[TimeControl "180+1"]
[EndTime "10:14:13 PST"]
[Termination "atalz0 won by resignation"]

1. d4 d6 2. e4 Nf6 3. f3 Nbd7 4. c4 e5 5. d5 g6 6. Be3 Bg7 7.
Nc3 O-O 8. Qd2 Nb6 9. g4 Qe8 10. h4 Na4 11. Nge2 Bxg4 12. fxg4 Nxg4 13. O-O-O Nxe3 14. Qxe3 Bh6 15. Qxh6 1-0

[Event "*** Titled Tuesday Blitz"]
[Site "Chess.com"]
[Date "2021.03.02"]
[Round "2"]
[White "Mazetovic"]
[Black "sakkikuska"]
[Result "1-0"]
[WhiteElo "2715"]
[BlackElo "2497"]
[TimeControl "180+1"]
[EndTime "10:14:21 PST"]
[Termination "Mazetovic won by checkmate"]

1. e4 c5 2. Nf3 e6 3. d4 cxd4 4. Nxd4 Nc6 5. Nc3 Qc7 6. Be3 a6 7. f4 b5 8. Nxc6 dxc6 9. e5 Ne7 10. Bc5 Nf5 11. Bxf8 Rxf8 12. g4 Ne3 13. Qd3 Nxf1 14. Ne4 Bb7 15. Nd6+ Ke7 16. Rxf1 Rad8 17. f5 Rxd6 18.
exd6+ Qxd6 19. Qxd6+ Kxd6 20. O-O-O+ Ke7 21. fxe6 Kxe6 22. Rfe1+ Kf6 23. h4 h6 24. Rd6# 1-0

[Event "*** Titled Tuesday Blitz"]
[Site "Chess.com"]
[Date "2021.03.02"]
[Round "2"]
[White "volkanyirik"]
[Black "ChessWarrior3"]
[Result "1-0"]
[WhiteElo "2397"]
[BlackElo "2102"]
[TimeControl "180+1"]
[EndTime "10:14:23 PST"]
[Termination "volkanyirik won by resignation"]

1. e4 c5 2. Nc3 Nc6 3. f4 g6 4. Nf3 Bg7 5. Bc4 e6 6. d3 Nge7 7. O-O O-O 8. Qe1 a6 9. f5 exf5 10. a4 fxe4 11. Qh4 exf3 12. Bg5 fxg2 13. Kxg2 b6 14. Nd5 Bb7 15. Kh3 Bc8 16. Nxe7+ Nxe7 17. Bxe7 d5+ 18. Kg2 Qd7 19. Bxf8 Bxf8 20. Ba2 Bb7 21.
d4 cxd4 22. Rf2 d3 23. Raf1 d4+ 24. Kg1 Bd5 25. Bxd5 Qxd5 26. Rxf7 Qxf7 27. Rxf7 Kxf7 28. Qf4+ Kg8 29. cxd3 Bg7 30. Qe4 Rc8 31. Qe6+ 1-0

[Event "*** Titled Tuesday Blitz"]
[Site "Chess.com"]
[Date "2021.03.02"]
[Round "2"]
[White "Zemerovv"]
[Black "Eliwood44"]
[Result "1-0"]
[WhiteElo "2273"]
[BlackElo "2445"]
[TimeControl "180+1"]
[EndTime "10:14:29 PST"]
[Termination "Zemerovv won by resignation"]

1. d4 Nf6 2. Nf3 e6 3. e3 d5 4. Bd3 Bd6 5. O-O O-O 6. b3 c5 7. Bb2 cxd4 8. exd4 Nc6 9. a3 Ne7 10. Nbd2 b6 11. Ne5 Bb7 12. Re1 Nf5 13. Qf3 Be7 14.
Bxf5 exf5 15. Qxf5 g6 16. Qf4 Rc8 17. Rac1 Bd6 18.
Qh4 Ne4 19. Qxd8 Rfxd8 20. Nxe4 dxe4 21. Nc4 Bf8 22. Ne3 f5 23. g3 Bh6 24. c4 Bg7 25. Rc2 Bxd4 26. Bxd4 Rxd4 27. Rd1 Rxd1+ 28. Nxd1 Rd8 29. Ne3 Rd3 30. b4 Rxa3 31. c5 bxc5 32. bxc5 Bc6 33. h4 Kf7 34. Kf1 Ke6 35. Ke2 Ke5 36. Nc4+ 1-0

[Event "*** Titled Tuesday Blitz"]
[Site "Chess.com"]
[Date "2021.03.02"]
[Round "2"]
[White "dropstoneDP"]
[Black "LogoCzar"]
[Result "1-0"]
[WhiteElo "2979"]
[BlackElo "2351"]
[TimeControl "180+1"]
[EndTime "10:14:33 PST"]
[Termination "dropstoneDP won by resignation"]

1. f4 d5 2. Nf3 g6 3. g3 Bg7 4. Bg2 Nf6 5. O-O O-O 6. d3 b6 7.
e4 dxe4 8. dxe4 Bb7 9. e5 Nfd7 10. e6 fxe6 11. Ng5 Bxg2 12. Nxe6 Qc8 13. Kxg2 Rf6 14.
Nxg7 Kxg7 15. Qf3 Nc6 16. b3 Nde5 17. Qe4 Qg4 18. Bb2 Re6 19. h3 Qh5 20. g4 Qh4 21. Nd2 Kg8 22. Nf3 Qf6 23. Bxe5 1-0

[Event "*** Titled Tuesday Blitz"]
[Site "Chess.com"]
[Date "2021.03.02"]
[Round "2"]
[White "Bayernbk"]
[Black "AlexeiShirov"]
[Result "1/2-1/2"]
[WhiteElo "2540"]
[BlackElo "2820"]
[TimeControl "180+1"]
[EndTime "10:14:35 PST"]
[Termination "Game drawn by agreement"]

1. e4 e5 2. Nc3 Nf6 3. Nf3 Nc6 4. d4 exd4 5. Nxd4 g6 6. Nxc6 bxc6 7. e5 Ng8 8. Bc4 Bg7 9. O-O Ne7 10. Bg5 O-O 11.
e6 fxe6 12. Bxe6+ dxe6 13. Qxd8 Rxd8 14. Bxe7 Rd2 15. Rac1 Ba6 16. Rfd1 Bxc3 17. bxc3 Rxd1+ 18. Rxd1 Bc4 19. a3 Bd5 20. c4 Bxc4 21. Rd8+ Rxd8 22. Bxd8 Kf7 23. Bxc7 Ba2 24. Kf1 Bb1 25. c3 Bd3+ 26. Ke1 Kf6 27. Kd2 Bf1 28. g3 e5 29. Ke3 Bc4 1/2-1/2

[Event "*** Titled Tuesday Blitz"]
[Site "Chess.com"]
[Date "2021.03.02"]
[Round "2"]
[White "Slovak_fighter2000"]
[Black "NicholasTakano"]
[Result "1-0"]
[WhiteElo "2435"]
[BlackElo "2216"]
[TimeControl "180+1"]
[EndTime "10:14:35 PST"]
[Termination "Slovak_fighter2000 won on time"]

1. d4 Nf6 2. c4 g6 3. Nc3 Bg7 4. e4 d6 5. Nf3 Nbd7 6. Be2 O-O 7. Be3 e5 8. d5 Nc5 9. Nd2 a5 10. O-O Nfd7 11. b3 f5 12. f3 f4 13.
Bf2 g5 14. a3 Nf6 15. b4 axb4 16. axb4 Ncd7 17. c5 h5 18. Rxa8 1-0

[Event "*** Titled Tuesday Blitz"]
[Site "Chess.com"]
[Date "2021.03.02"]
[Round "2"]
[White "frenchpin"]
[Black "13MiRacLe"]
[Result "0-1"]
[WhiteElo "2500"]
[BlackElo "2727"]
[TimeControl "180+1"]
[EndTime "10:14:36 PST"]
[Termination "13MiRacLe won by checkmate"]

1. e4 e5 2. Nf3 Nc6 3. Bc4 Nf6 4. Ng5 d5 5. exd5 Na5 6. Bb5+ c6 7. dxc6 bxc6 8.
Bd3 Nd5 9. Nf3 Bd6 10. O-O O-O 11. Re1 f5 12. Nxe5 Qc7 13. Nf3 g5 14. Nxg5 Qg7 15. Nf3 Nf4 16. g3 Nxd3 17. cxd3 f4 18.
Nc3 fxg3 19. Ne4 gxh2+ 20. Kh1 Bg4 21. Re3 Rxf3 22. Rxf3 Bxf3+ 23. Qxf3 Qg1# 0-1

[Event "*** Titled Tuesday Blitz"]
[Site "Chess.com"]
[Date "2021.03.02"]
[Round "2"]
[White "ellennilssen"]
[Black "ljuks68"]
[Result "1-0"]
[WhiteElo "2267"]
[BlackElo "2443"]
[TimeControl "180+1"]
[EndTime "10:14:36 PST"]
[Termination "ellennilssen won by resignation"]

1. c4 c6 2. g3 d5 3. Bg2 Nf6 4. Nf3 Bg4 5. O-O Nbd7 6. cxd5 cxd5 7. d3 e5 8. Nc3 Bd6 9. Qb3 Nc5 10. Qc2 Rc8 11.
Bg5 Ne6 12. Bxf6 Qxf6 13. Qa4+ Kf8 14. Nxd5 Qd8 15. Ne3 Bh5 16. Rac1 a6 17. Nf5 Bb8 18. Qb4+ Kg8 19. Rxc8 Qxc8 20. Ne7+ 1-0

[Event "*** Titled Tuesday Blitz"]
[Site "Chess.com"]
[Date "2021.03.02"]
[Round "2"]
[White "Vamostodorecto"]
[Black "KRSilva"]
[Result "1-0"]
[WhiteElo "2439"]
[BlackElo "2218"]
[TimeControl "180+1"]
[EndTime "10:14:44 PST"]
[Termination "Vamostodorecto won by resignation"]

1. d4 Nf6 2. c4 e6 3. Nc3 d5 4.
cxd5 exd5 5. Bg5 Be7 6. e3 c6 7. Qc2 Nbd7 8. Bd3 h6 9. Bh4 g5 10. Bg3 b6 11. h4 g4 12. Nge2 Nf8 13. h5 Ne6 14. Be5 Rg8 15. Ng3 Nd7 16. Bh7 Rf8 17. O-O-O Nxe5 18. dxe5 Qc7 19. Nf5 Qxe5 20. Nxh6 Rh8 21.
Nxg4 Qg7 22. Bf5 Bd7 23. h6 Qg5 24. f4 Qf6 25. Nxf6+ Bxf6 26. g4 1-0

[Event "*** Titled Tuesday Blitz"]
[Site "Chess.com"]
[Date "2021.03.02"]
[Round "2"]
[White "Aslanov_Umid"]
[Black "FLamps8"]
[Result "0-1"]
[WhiteElo "2409"]
[BlackElo "2655"]
[TimeControl "180+1"]
[EndTime "10:14:48 PST"]
[Termination "FLamps8 won by resignation"]

1. e4 e5 2. Nf3 Nf6 3. d4 Nxe4 4. Nxe5 d6 5. Nf3 d5 6. Bd3 Bd6 7. O-O O-O 8. c4 c6 9. Nc3 Nxc3 10. bxc3 Bg4 11. cxd5 cxd5 12. h3 Bh5 13. Be2 Nd7 14.
Rb1 Nb6 15. Bg5 Qc7 16. Qd2 Rac8 17. Rfc1 h6 18. Be3 f5 19. Bxh6 gxh6 20. Qxh6 Bxf3 21. Bxf3 Bf4 22. Qg6+ Qg7 23. Qxg7+ Kxg7 24. Re1 Bd2 25. Re6 Bxc3 26. Rd1 Rce8 27. Rd6 Bb4 0-1

[Event "*** Titled Tuesday Blitz"]
[Site "Chess.com"]
[Date "2021.03.02"]
[Round "2"]
[White "Gabrielian_Artur"]
[Black "ukchessbomber"]
[Result "1-0"]
[WhiteElo "2787"]
[BlackElo "2520"]
[TimeControl "180+1"]
[EndTime "10:14:57 PST"]
[Termination "Gabrielian_Artur won by checkmate"]

1. e4 e5 2. Nc3 Nc6 3. g3 g6 4. Bg2 Bg7 5. d3 Nge7 6. h4 h5 7. Be3 O-O 8. Qd2 a6 9. Nge2 b5 10. Bh6 d6 11. Bxg7 Kxg7 12. f4 b4 13. Nd5 Nxd5 14.
exd5 Nd4 15. Nxd4 exd4 16. Qxb4 Qe7+ 17. Kf1 Qe3 18. Re1 Qxg3 19. Qxd4+ Kh7 20. Qf2 Qxf2+ 21. Kxf2 Rb8 22. b3 Bd7 23. Re7 Rbd8 24. Rhe1 Kg7 25. c4 Rfe8 26. Rxd7 Rxe1 27. Rxd8 Ra1 28. Rd7 Rxa2+ 29.
Kf3 Ra3 30. Rxc7 Rxb3 31. Ke3 Rb2 32. Bh3 Rh2 33. Be6 Rxh4 34. Rxf7+ Kh6 35. Rd7 a5 36.
Bg8 a4 37. Rh7# 1-0

[Event "*** Titled Tuesday Blitz"]
[Site "Chess.com"]
[Date "2021.03.02"]
[Round "2"]
[White "chessprincesa1"]
[Black "Korchmar_Vasiliy"]
[Result "0-1"]
[WhiteElo "2240"]
[BlackElo "2616"]
[TimeControl "180+1"]
[EndTime "10:14:59 PST"]
[Termination "Korchmar_Vasiliy won by resignation"]

1. d4 Nf6 2. c4 c6 3. Nc3 d5 4.
Nf3 a6 5. c5 Bf5 6. Bf4 Nbd7 7.
e3 e6 8. Bd3 Be7 9. h3 O-O 10.
O-O Ne4 11. Bxe4 dxe4 12. Nd2 Nf6 13. Bg5 Kh8 14. Bxf6 gxf6 15. Ndxe4 Rg8 16. Ng3 Bg6 17. Qe1 Qf8 18. f4 f5 19. Rd1 Bh4 20. Nce2 Bh5 21. Kh2 Qg7 0-1

[Event "*** Titled Tuesday Blitz"]
[Site "Chess.com"]
[Date "2021.03.02"]
[Round "2"]
[White "Deepweb2020"]
[Black "XxPetroffsxX"]
[Result "1-0"]
[WhiteElo "2410"]
[BlackElo "2146"]
[TimeControl "180+1"]
[EndTime "10:15:02 PST"]
[Termination "Deepweb2020 won by resignation"]

1. d4 d5 2. c4 e6 3. g3 Nf6 4.
Nf3 Be7 5. Bg2 O-O 6. O-O dxc4 7.
Qc2 a6 8. a4 c5 9. Qxc4 cxd4 10.
Rd1 Nc6 11. Nxd4 Nxd4 12. Rxd4 Qb6 13. a5 Qc5 14. Nc3 Bd7 15. Bxb7 Rab8 16. Bxa6 Qxc4 17. Bxc4 Bc6 18. a6 e5 19. Rd1 Bc5 20. Nd5 Ne4 21. Be3 Bxe3 22. fxe3 Bxd5 23. Bxd5 1-0

[Event "*** Titled Tuesday Blitz"]
[Site "Chess.com"]
[Date "2021.03.02"]
[Round "2"]
[White "Fawolizzo"]
[Black "Niktlt"]
[Result "0-1"]
[WhiteElo "2131"]
[BlackElo "2401"]
[TimeControl "180+1"]
[EndTime "10:15:06 PST"]
[Termination "Niktlt won by resignation"]

1. e4 e6 2. Nf3 d5 3. exd5 exd5 4. d4 Nf6 5. Bd3 Bd6 6. O-O O-O 7. h3 h6 8. c3 Ne4 9. Nbd2 Bf5 10. Qc2 Re8 11. c4 Nxd2 12. Bxd2 Bxd3 13. Qxd3 dxc4 14. Qxc4 Nd7 15.
Rfe1 Nb6 16. Qb3 c6 17. a4 Qc7 18. a5 Nd5 19. a6 b6 20. Rac1 Rac8 21. Qc4 b5 22.
Qc2 Rxe1+ 23. Rxe1 Qb6 24. Qf5 Rd8 25. Qg4 Kf8 26.
Ne5 Bxe5 27. dxe5 Nc7 28. Be3 Qxa6 29. Bd4 Ne6 30. Bc3 c5 31. Qe4 b4 0-1